[Event "Late-Titled-Tuesday-Blitz-October-03-2023"]
[Site "Chess.com"]
[Date "2023.10.03"]
[Round "10"]
[White "PNEPaul"]
[Black "familijatop71"]
[Result "1-0"]
[WhiteElo "1972"]
[BlackElo "2149"]
[TimeControl "180+1"]
[EndTime "15:50:32 PDT"]
[Termination "PNEPaul won by checkmate"]

1. e4 c5 2. d4 cxd4 3. c3 dxc3 4. Nxc3 Nc6 5. Nf3 Qc7 6. Bc4 e6 7. Qe2 Nf6 8. e5 Ng4 9. Bf4 Bc5 10. O-O a6 11. h3 Nh6 12. Ne4 Be7 13. Nd6+ Bxd6 14.
exd6 Qb6 15. Bxh6 gxh6 16. Ne5 Nxe5 17. Qxe5 Rg8 18. Bd3 Qd8 19. Bxh7 Rf8 20. Qg7 b5 21. Rac1 Bb7 22. Rc7 Bc6 23. Qxh6 Rc8 24. Rxc8 Qxc8 25. Rc1 Qb7 26. Qh4 f6 27. Bg6+ Kd8 28. Qh6 Rg8 29. Qh7 Rxg6 30. Qh8+ Rg8 31. Qxg8# 1-0

[Event "Late-Titled-Tuesday-Blitz-October-03-2023"]
[Site "Chess.com"]
[Date "2023.10.03"]
[Round "10"]
[White "AleksandrAleksikov"]
[Black "Gyulamiryan-koryun"]
[Result "0-1"]
[WhiteElo "2186"]
[BlackElo "2004"]
[TimeControl "180+1"]
[EndTime "15:50:33 PDT"]
[Termination "Gyulamiryan-koryun won on time"]

1. e4 e5 2. Nf3 Nc6 3. c3 d6 4.
d4 Bg4 5. Bc4 Qf6 6. Be3 exd4 7.
cxd4 O-O-O 8. Nc3 Bxf3 9. gxf3 Nge7 10. Rg1 h6 11. f4 g5 12. fxg5 hxg5 13. Qg4+ Kb8 14.
O-O-O Rxh2 15. e5 Qf5 16. exd6 cxd6 17. Ne4 Qxg4 18. Rxg4 f5 19. Rxg5 fxe4 20. d5 Nb4 21. Rd4 Bh6 22. Rg1 Bxe3+ 23. fxe3 Rc8 24. Kb1 a6 25. a3 Nc2 26. Rxe4 Nf5 27. Bd3 Ncxe3 28. Re6 Nd4 0-1

[Event "Late-Titled-Tuesday-Blitz-October-03-2023"]
[Site "Chess.com"]
[Date "2023.10.03"]
[Round "10"]
[White "kuli4ik"]
[Black "sergoy"]
[Result "0-1"]
[WhiteElo "2937"]
[BlackElo "3019"]
[TimeControl "180+1"]
[EndTime "15:50:37 PDT"]
[Termination "sergoy won on time"]

1. Nf3 d5 2. d4 Nf6 3. Bf4 c5 4. dxc5 Nc6 5. c3 a5 6. Na3 e5 7. Nxe5 Bxc5 8. e3 Qe7 9. Bb5 O-O 10. Nxc6 bxc6 11. Bxc6 Ba6 12. Bxa8 Rxa8 13. Nc2 Ne4 14. Qxd5 Rd8 15. Qe5 Qxe5 16. Bxe5 Rd2 17. Nd4 f6 18. f3 fxe5 19. fxe4 Rxg2 20. O-O-O exd4 21. exd4 Be7 22. h4 a4 23. a3 Bc4 24. d5 Bd6 25. Kb1 Bb3 26. Rd4 Be5 27. Rb4 h5 28. Re1 g5 0-1

[Event "Late-Titled-Tuesday-Blitz-October-03-2023"]
[Site "Chess.com"]
[Date "2023.10.03"]
[Round "10"]
[White "PapaieDudu"]
[Black "talaicito"]
[Result "1-0"]
[WhiteElo "2386"]
[BlackElo "2183"]
[TimeControl "180+1"]
[EndTime "15:50:37 PDT"]
[Termination "PapaieDudu won on time"]

1. e4 c5 2. Nf3 d6 3. d4 cxd4 4. c3 d3 5. Bxd3 g6 6. Nbd2 Bg7 7. Nc4 Nc6 8. a4 Nf6 9. O-O O-O 10. h3 Be6 11.
Qe2 Rc8 12. Rd1 Na5 13. Nxa5 Qxa5 14. b4 Qc7 15. Bb2 Bc4 16. Nd4 a6 17. a5 Nd7 18.
f4 Nf6 19. Ra3 Nh5 20. Bxc4 Nxf4 21. Qf1 Qxc4 22. Qxf4 e5 23. Qf2 exd4 24. cxd4 Qxb4 25. e5 d5 26. Rf3 Qxa5 27. Rf1 Qc7 28. Ba3 b5 29.
Bd6 Qd7 30. Bxf8 Rxf8 31. Qa2 Qe6 32. Rc1 h5 33. Rc5 Rd8 34. Ra3 Qf5 35. Rxa6 Qe4 36. Qf2 1-0

[Event "Late-Titled-Tuesday-Blitz-October-03-2023"]
[Site "Chess.com"]
[Date "2023.10.03"]
[Round "10"]
[White "aistrel"]
[Black "TanitoluwaAps116"]
[Result "0-1"]
[WhiteElo "2547"]
[BlackElo "2670"]
[TimeControl "180+1"]
[EndTime "15:50:38 PDT"]
[Termination "TanitoluwaAps116 won by checkmate"]

1. d4 Nf6 2. Nc3 d5 3. Bf4 c6 4. f3 Bf5 5. g4 Bg6 6. h4 h5 7.
g5 Nfd7 8. e4 e6 9. Bd3 Na6 10.
exd5 Bxd3 11. dxe6 Bf5 12. exd7+ Qxd7 13. Qe2+ Be7 14.
O-O-O Nb4 15. Rd2 O-O-O 16. Nh3 Bxh3 17. Rxh3 Qxh3 18. Qxe7 Na6 19. d5 Rhe8 20. Qxf7 Rf8 21. Qe7 Rxf4 22. dxc6 Rxd2 23. Qxb7+ Kd8 24. Kxd2 Rd4+ 25.
Ke3 Qxh4 26. Ne4 Rxe4+ 27. fxe4 Qxg5+ 28. Kd3 Nc5+ 29. Kc4 Nxb7 30. cxb7 Kc7 31. b8=Q+ Kxb8 32. b4 Kc7 33. Kb3 Qe5 34. c4 h4 35. a4 h3 36. a5 h2 37. Ka4 h1=Q 38. c5 Qd1+ 39. Kb5 Qd3+ 40. Ka4 Qa1# 0-1

[Event "Late-Titled-Tuesday-Blitz-October-03-2023"]
[Site "Chess.com"]
[Date "2023.10.03"]
[Round "10"]
[White "Dr_crypt"]
[Black "Deeper44"]
[Result "0-1"]
[WhiteElo "2428"]
[BlackElo "2551"]
[TimeControl "180+1"]
[EndTime "15:50:41 PDT"]
[Termination "Deeper44 won by resignation"]

1. Nf3 Nf6 2. d4 g6 3. c4 Bg7 4.
Nc3 O-O 5. e4 d6 6. Be2 Na6 7.
Be3 e5 8. O-O c6 9. d5 Ng4 10. Bg5 f6 11. Bc1 c5 12. Ne1 Nh6 13. g4 Nf7 14. Nd3 f5 15. gxf5 gxf5 16. exf5 Bxf5 17.
Bg4 Qf6 18. f3 Bxg4 19. fxg4 Qh4 20. Ne4 Nh6 21. Bxh6 Bxh6 22. Qe2 Nb4 23. Nxb4 cxb4 24. Nxd6 Rf4 25. Rxf4 Bxf4 26. Nf5 Qh3 27. Rd1 h5 28. d6 hxg4 29. d7 Rd8 30. Rd3 Bxh2+ 31. Kh1 Bg3+ 32.
Kg1 Bh2+ 33. Kh1 g3 34. Ne7+ Kf7 35. Re3 g2+ 36. Qxg2 Qxe3 37. Nd5 Qg1+ 38. Qxg1 Bxg1 0-1

[Event "Late-Titled-Tuesday-Blitz-October-03-2023"]
[Site "Chess.com"]
[Date "2023.10.03"]
[Round "10"]
[White "shirovin"]
[Black "jinxy2009"]
[Result "0-1"]
[WhiteElo "2066"]
[BlackElo "2258"]
[TimeControl "180+1"]
[EndTime "15:50:41 PDT"]
[Termination "jinxy2009 won on time"]

1. e4 c5 2. Nf3 Nc6 3. d4 cxd4 4. Nxd4 Nf6 5. Nc3 e5 6. Ndb5 d6 7. Bg5 a6 8. Na3 b5 9. Nab1 Be7 10. Bxf6 Bxf6 11. a4 b4 12. Nd5 Bg5 13. Bc4 O-O 14.
O-O Be6 15. Qd3 Na5 16. Ba2 b3 17. cxb3 f5 18. b4 Nc6 19. Nbc3 Nd4 20. Ne2 Nxe2+ 21. Qxe2 fxe4 22. Qxe4 Kh8 23. Rad1 Rc8 24. Bb3 Bxd5 25. Rxd5 Rf4 26. Qd3 Rxb4 27. Rxd6 Qf8 28. Rxa6 e4 29. Qg3 Bf4 30. Qc3 Rxc3 31. bxc3 Rxb3 32. Rd1 Rb8 33. Re6 Re8 34. Rc6 e3 35. fxe3 Bxe3+ 36. Kh1 h6 37. a5 Bd2 38. a6 Re1+ 39. Rxe1 Bxe1 40. h3 Qf1+ 41. Kh2 Bf2 0-1

[Event "Late-Titled-Tuesday-Blitz-October-03-2023"]
[Site "Chess.com"]
[Date "2023.10.03"]
[Round "10"]
[White "ArtemDyachuk"]
[Black "Fandorine"]
[Result "0-1"]
[WhiteElo "2701"]
[BlackElo "2934"]
[TimeControl "180+1"]
[EndTime "15:50:47 PDT"]
[Termination "Fandorine won by checkmate"]

1. e4 e6 2. d4 d5 3. e5 c5 4. c3 Nc6 5. Nf3 Bd7 6. Be2 f6 7. O-O fxe5 8. Nxe5 Nxe5 9. dxe5 Qc7 10.
c4 Qxe5 11. cxd5 O-O-O 12. Bf3 exd5 13. Re1 Qf5 14. Nc3 Nf6 15. b4 d4 16. Ne4 Bc6 17.
Ng5 Bxf3 18. Nxf3 c4 19. Re5 Qd7 20. Ra5 b6 21. Ne5 Qb7 22. Ra3 Bxb4 23. Rg3 Rhe8 24.
Bf4 Bd6 25. Rg5 h6 26. Rf5 Qe4 27. Qa4 Bxe5 28. Qxa7 Qxf5 29. Qa8+ Kd7 30. Qb7+ Ke6 31. Rb1 Qxb1+ 32. Bc1 Qxc1# 0-1

[Event "Late-Titled-Tuesday-Blitz-October-03-2023"]
[Site "Chess.com"]
[Date "2023.10.03"]
[Round "10"]
[White "davigator"]
[Black "arminmusovic"]
[Result "0-1"]
[WhiteElo "2328"]
[BlackElo "2503"]
[TimeControl "180+1"]
[EndTime "15:50:47 PDT"]
[Termination "arminmusovic won by checkmate"]

1. e4 c6 2. d4 d5 3. e5 c5 4. dxc5 Nc6 5. Bb5 e6 6. b4 Qc7 7.
Nf3 Ne7 8. O-O Nf5 9. Bb2 Be7 10. a3 O-O 11. Nbd2 Bd7 12. Bd3 f6 13. Bxf5 exf5 14.
Re1 Rae8 15. Nb3 b6 16. Qxd5+ Kh8 17. e6 Bc8 18. cxb6 axb6 19. Qxf5 Ne5 20. Nxe5 fxe5 21. Qxe5 Bd6 22. Qh5 Qxc2 23. Bd4 Qxb3 24. Re3 Qc4 25. Qg4 Qc7 26. Rae1 Rf4 27. Qh5 Rxe6 28. Rxe6 Bxe6 29. Qe8+ Bg8 30. g3 Rf8 31. Qh5 Qf7 32. Qg4 b5 33. h4 h5 34. Qg5 Kh7 35. Rd1 Be7 36.
Qxb5 Qg6 37. Kf1 Be6 38. Re1 Bh3+ 39. Kg1 Bxh4 40. Re3 Bf5 41. Kh2 Bg5 42. f4 Bh6 43. Re5 Qg4 44. Bf2 h4 45. Qc5 hxg3+ 46. Bxg3 Qh3+ 47. Kg1 Qxg3+ 48. Kf1 Qxf4+ 49. Ke2 Bg4+ 50. Kd3 Rd8+ 51. Kc3 Qd2+ 52. Kb3 Bd1+ 53. Kc4 Qd3# 0-1

[Event "Late-Titled-Tuesday-Blitz-October-03-2023"]
[Site "Chess.com"]
[Date "2023.10.03"]
[Round "10"]
[White "Giorno"]
[Black "Saraisitave"]
[Result "1-0"]
[WhiteElo "2511"]
[BlackElo "2312"]
[TimeControl "180+1"]
[EndTime "15:50:47 PDT"]
[Termination "Giorno won on time"]

1. Nf3 d5 2. c4 c6 3. e3 Nf6 4. Nc3 g6 5. cxd5 cxd5 6. d4 Bg7 7. Be2 O-O 8. O-O Nc6 9. Ne5 a6 10. Nxc6 bxc6 11. Na4 Ne4 12. Bd2 e5 13. Bb4 Re8 14.
Rc1 exd4 15. exd4 Qg5 16. Bf3 Rb8 17. a3 Bd7 18. Kh1 h5 19. Bc3 h4 20. Bxe4 dxe4 21. h3 e3 22. fxe3 Rxe3 23. Bd2 Bxh3 24. Rf2 Rbe8 25. Bxe3 Rxe3 26. Rc3 Rxc3 27. Nxc3 Bg4 28. Qd2 Qh5 29. Qf4 g5 30. Qb8+ 1-0

[Event "Late-Titled-Tuesday-Blitz-October-03-2023"]
[Site "Chess.com"]
[Date "2023.10.03"]
[Round "10"]
[White "reevecanada"]
[Black "I_am_Javi"]
[Result "1-0"]
[WhiteElo "2599"]
[BlackElo "2741"]
[TimeControl "180+1"]
[EndTime "15:50:51 PDT"]
[Termination "reevecanada won by resignation"]

1. e4 e5 2. Nf3 Nc6 3. d4 exd4 4. Nxd4 g6 5. Nxc6 bxc6 6. Qd4 Qf6 7. e5 Qe7 8. Bf4 Bg7 9. Nd2 f6 10. e6 f5 11. Qe3 Qxe6 12. Qxe6+ dxe6 13. Nc4 Ne7 14. Bxc7 Nd5 15. Be5 Bxe5 16. Nxe5 Bb7 17. O-O-O Rd8 18. c4 Ke7 19. cxd5 exd5 20. f4 c5 21. Bb5 d4 22. Bc6 Ba6 23. Rhe1 Kd6 24. Bf3 Rhf8 25. b3 Kc7 26. Nc4 Bxc4 27. bxc4 Rde8 28. Re5 Rxe5 29. fxe5 g5 30. Re1 g4 31. Bd5 f4 32. e6 Kd6 33. Rf1 h5 34. Kd2 h4 35. Kd3 Ke5 36. h3 gxh3 37. gxh3 Rg8 38. e7 Re8 39. Bc6 Rxe7 40.
Re1+ Kf6 41. Rxe7 Kxe7 42. Ke4 Kd6 43. Bd5 f3 44. Kxf3 Ke5 45. Bc6 a5 46. a4 Kd6 47.
Be4 Ke5 48. Bd3 Ke6 49. Kf4 Kf6 50. Bf5 Kf7 51. Kg5 Ke7 52. Kxh4 Kf6 53. Kg4 Ke5 54. Bd3 1-0

[Event "Late-Titled-Tuesday-Blitz-October-03-2023"]
[Site "Chess.com"]
[Date "2023.10.03"]
[Round "10"]
[White "campochess"]
[Black "CraiggoryC"]
[Result "0-1"]
[WhiteElo "2135"]
[BlackElo "2269"]
[TimeControl "180+1"]
[EndTime "15:50:52 PDT"]
[Termination "CraiggoryC won by resignation"]

1. d4 e6 2. Nf3 Nf6 3. c4 d5 4.
cxd5 exd5 5. g3 c6 6. Bg2 Be7 7. O-O O-O 8. Nc3 Bf5 9. Ne5 h6 10. Qb3 Qb6 11. Qxb6 axb6 12. a3 Nbd7 13. Nxd7 Bxd7 14.
f3 Rfe8 15. e4 Be6 16. e5 Nd7 17. g4 b5 18. Be3 Nb6 19. Rab1 Nc4 20. Bf2 b4 21.
axb4 Bxb4 22. h3 Nd2 23. f4 Nxf1 24. Kxf1 Bxc3 25. bxc3 b5 26. f5 Bd7 27. h4 h5 28. Bf3 Ra3 29. Be1 Rea8 30. e6 fxe6 31. fxe6 Bxe6 32. gxh5 Ra1 33. Rxa1 Rxa1 34. Kf2 Bf5 35. Be2 Ra2 36. Ke3 Kf7 37. Bf3 Be4 38. Bg4 Rg2 39. Bd7 Rg1 40. Bf2 Rc1 41. Bxc6 Rxc3+ 42. Ke2 Rxc6 0-1

[Event "Late-Titled-Tuesday-Blitz-October-03-2023"]
[Site "Chess.com"]
[Date "2023.10.03"]
[Round "10"]
[White "IngOscarArdila"]
[Black "zverr1"]
[Result "1-0"]
[WhiteElo "2343"]
[BlackElo "2484"]
[TimeControl "180+1"]
[EndTime "15:50:53 PDT"]
[Termination "IngOscarArdila won on time"]

1. d4 f5 2. c4 Nf6 3. Nc3 g6 4.
Nf3 Bg7 5. g3 O-O 6. Bg2 d6 7. d5 c5 8. O-O Ng4 9. h3 Ne5 10. Qb3 Nxf3+ 11. exf3 f4 12. Bxf4 Rxf4 13. gxf4 Bf5 14. Ne4 Nd7 15. Ng3 Qf8 16. Qxb7 Rb8 17. Qxa7 Rxb2 18. Rae1 Bf6 19. Nxf5 gxf5 20. Qxd7 Rxa2 21.
Qe6+ Kh8 22. Re2 Ra4 23. Rc1 Ra8 24. Qxf5 Qg7 25. Qg4 Qh6 26. Kh1 Rg8 27. Qf5 Qh4 28. Rg1 Rf8 29. Qg4 Qh6 30. Re6 Rg8 31. Qf5 Qh4 32. Rxf6 exf6 33. Qe4 Qxf2 34. Qe6 Rg6 35. Qxd6 Qe3 36. Qf8+ Rg8 37. Qxf6+ Rg7 38. d6 1-0

[Event "Late-Titled-Tuesday-Blitz-October-03-2023"]
[Site "Chess.com"]
[Date "2023.10.03"]
[Round "10"]
[White "Nf3c5"]
[Black "EsmeraldasAnderson03"]
[Result "1-0"]
[WhiteElo "2572"]
[BlackElo "2436"]
[TimeControl "180+1"]
[EndTime "15:50:54 PDT"]
[Termination "Nf3c5 won by checkmate"]

1. d4 d5 2. Nf3 Nf6 3. e3 a6 4. c4 dxc4 5. Bxc4 c5 6. O-O e6 7. Qe2 Nbd7 8. a4 Be7 9. e4 cxd4 10. e5 Ng8 11. Nbd2 Qc7 12. Nb3 b6 13. Bf4 Bb7 14. Rac1 Bc5 15. Nbxd4 Qb8 16. Bxe6 fxe6 17. Nxe6 Ne7 18.
Nxg7+ Kf8 19. Bh6 Kg8 20. Rfd1 Bxf3 21. Qxf3 Nxe5 22. Qb3+ Nf7 23. Ne6 Bxf2+ 24. Kxf2 Qxh2 25. Bf4 Qh5 26. Rd7 Nf5 27. Ng5 Rf8 28. Rxf7 Rxf7 29. Rc8+ Kg7 30. Qc3+ Kh6 31. Nxf7+ Kg6 32. Rc6+ Kxf7 33.
Qf6+ Kg8 34. Rc8+ Qe8 35. Rxe8# 1-0

[Event "Late-Titled-Tuesday-Blitz-October-03-2023"]
[Site "Chess.com"]
[Date "2023.10.03"]
[Round "10"]
[White "Grossboss19"]
[Black "Lion_DL"]
[Result "1-0"]
[WhiteElo "2522"]
[BlackElo "2476"]
[TimeControl "180+1"]
[EndTime "15:50:58 PDT"]
[Termination "Grossboss19 won by resignation"]

1. Nf3 c5 2. g3 Nc6 3. Bg2 g6 4. O-O Bg7 5. c3 d5 6. d4 cxd4 7. Nxd4 Nf6 8. Bg5 O-O 9. Bxf6 Bxf6 10. e3 e5 11. Nb3 Ne7 12. Na3 Rb8 13. c4 d4 14.
exd4 exd4 15. Nb5 Be6 16. Rc1 d3 17. Nc5 Bf5 18. Nxb7 Rxb7 19. Bxb7 d2 20. Rc2 Bxc2 21. Qxc2 Qb6 22. Bf3 Rd8 23. Rd1 Nf5 24. Rxd2 Rxd2 25.
Qxd2 a6 26. Nc3 Nd4 27. Bg2 h5 28. Nd5 Qe6 29. Qe3 Qf5 30. Qe4 Qxe4 31. Bxe4 Bg7 32. b4 f5 33. Bd3 Bf8 34. c5 Nf3+ 35. Kh1 Kf7 36. Bxa6 Ke6 37. Bc4 Ke5 38. Nf4 Kd4 39. Bf7 g5 40. Ne6+ Kc4 41. Nxf8+ Kxb4 42. c6 Ne5 43. c7 Nxf7 44. c8=Q 1-0

[Event "Late-Titled-Tuesday-Blitz-October-03-2023"]
[Site "Chess.com"]
[Date "2023.10.03"]
[Round "10"]
[White "MBA_CHESS_2021"]
[Black "Onthequiet"]
[Result "1-0"]
[WhiteElo "2254"]
[BlackElo "2387"]
[TimeControl "180+1"]
[EndTime "15:50:58 PDT"]
[Termination "MBA_CHESS_2021 won by resignation"]

1. d4 b6 2. c4 Bb7 3. Nc3 e6 4. e4 Bb4 5. f3 c5 6. d5 Bxc3+ 7. bxc3 e5 8. a4 Ne7 9. a5 d6 10. axb6 axb6 11. Rxa8 Bxa8 12. Bd3 O-O 13. Ne2 Bb7 14. O-O Na6 15. Qb3 Nc8 16. g4 Nc7 17. Ng3 g6 18. Bh6 Re8 19. Ra1 Qd7 20. Qb2 Ba6 21. Qd2 f6 22. g5 Qe7 23. Kg2 Rd8 24. gxf6 Qd7 25. Bg5 Kf7 26. h4 b5 27. h5 bxc4 28. Bc2 Bb5 29. hxg6+ hxg6 30. Rh1 Rf8 31. Rh7+ Ke8 32.
Rxd7 Kxd7 33. Qc1 Nb6 34. Qh1 Rf7 35. Qh8 Ne8 36. Qg8 Rxf6 37. Bxf6 Nxf6 38. Qe6+ Kc7 39. Qxf6 Ba4 40. Qe7+ Bd7 41. Nf1 Nc8 42. Qg7 g5 43.
Ba4 Nb6 44. Bxd7 Nxd7 45. Qxg5 Nb6 46. Qe7+ Nd7 47. Ne3 Kc8 48. Nxc4 Kc7 49. Nxd6 1-0

[Event "Late-Titled-Tuesday-Blitz-October-03-2023"]
[Site "Chess.com"]
[Date "2023.10.03"]
[Round "10"]
[White "GoldenShare"]
[Black "TheMagician"]
[Result "0-1"]
[WhiteElo "2573"]
[BlackElo "2271"]
[TimeControl "180+1"]
[EndTime "15:51:00 PDT"]
[Termination "TheMagician won by resignation"]

1. e4 c5 2. Nc3 d6 3. d4 cxd4 4. Qxd4 Bd7 5. Bc4 Nc6 6. Qe3 Rc8 7.
Bb3 g6 8. Nge2 Bg7 9. h4 Nf6 10.
Nf4 Ng4 11. Qg3 h5 12. f3 Nge5 13. Be3 Na5 14. Nfe2 Nec4 15. Bd4 Bxd4 16. Nxd4 Qb6 17. O-O-O e6 18. Rhe1 Qc5 19. Qg5 Qxg5+ 20. hxg5 a6 21. Nde2 Ke7 22. Nf4 b5 23. Rd3 Ne5 24. Rdd1 Bc6 25. Nce2 Nb7 26. Nd4 a5 27. a3 Nc5 28. Kb1 Bd7 29. Ba2 b4 30. Nfe2 bxa3 31. bxa3 Rb8+ 32. Ka1 a4 33. Nc3 h4 34. f4 Ng4 35. f5 h3 36. f6+ Kd8 37. gxh3 Rxh3 38.
Nde2 Kc7 39. Rd4 Bc6 40. Red1 Rd8 41. Kb2 Ne5 42. Kc1 Nf3 43. Rb4 Nxg5 44. Nd4 Rxc3 45. Kb2 Rg3 0-1

[Event "Late-Titled-Tuesday-Blitz-October-03-2023"]
[Site "Chess.com"]
[Date "2023.10.03"]
[Round "10"]
[White "jguerramzllo"]
[Black "Mikedannnn"]
[Result "0-1"]
[WhiteElo "2669"]
[BlackElo "2577"]
[TimeControl "180+1"]
[EndTime "15:51:03 PDT"]
[Termination "Mikedannnn won by resignation"]

1. e4 c5 2. Nf3 e6 3. d4 cxd4 4. Nxd4 Nc6 5. Nc3 Qc7 6. Be3 a6 7. g4 b5 8. Nxc6 Qxc6 9. Bg2 b4 10.
Ne2 Bb7 11. Qd3 Nf6 12. f3 d5 13. O-O-O Rc8 14. g5 dxe4 15. fxe4 Ng4 16. Bd4 Bd6 17.
Kb1 Ne5 18. Bxe5 Bxe5 19. Nd4 Bxd4 20. Qxd4 Qxc2+ 21. Ka1 O-O 22. Qxb4 Qxg2 23. Rhe1 Rb8 24. Qd4 Qxh2 25. Rh1 Qg2 26. Rh4 Qxg5 27. Rg1 e5 28. Qf2 Rbc8 29. Qe1 Rc1+ 30. Qxc1 Qxh4 31. a3 Bxe4 32.
Re1 Re8 33. Qc4 Qxe1+ 34. Ka2 Rd8 35. Qc7 Bd5+ 36. b3 Qe2+ 37. Ka1 Qd1+ 38. Kb2 Qxb3+ 39.
Kc1 Qc4+ 40. Qxc4 Bxc4 0-1

[Event "Late-Titled-Tuesday-Blitz-October-03-2023"]
[Site "Chess.com"]
[Date "2023.10.03"]
[Round "10"]
[White "geordie_derraugh"]
[Black "chosenpr"]
[Result "0-1"]
[WhiteElo "2452"]
[BlackElo "2259"]
[TimeControl "180+1"]
[EndTime "15:51:03 PDT"]
[Termination "chosenpr won on time"]

1. e4 e5 2. Nf3 Nc6 3. Bc4 Bc5 4. d3 Nf6 5. O-O O-O 6. Bg5 a6 7. a4 Re8 8. Nc3 Be7 9. a5 d6 10. h3 Be6 11. Bxf6 Bxf6 12. Nd5 Bxd5 13. Bxd5 Rb8 14. c3 Ne7 15. Bc4 Ng6 16. g3 Qd7 17. Kg2 c6 18.
Qa4 Red8 19. Rfd1 h5 20. d4 h4 21. dxe5 Bxe5 22. Nxe5 Nxe5 23. Be2 hxg3 24. fxg3 Qe7 25. Qd4 Rd7 26. Rf1 Re8 27. Rf5 Ng6 28. Bd3 Ne5 29. Bc2 d5 30. Raf1 g6 31. R5f2 Kg7 32. Bb3 Qd6 33.
exd5 cxd5 34. g4 Kg8 35. Re2 Ree7 36. Rfe1 Nc6 37. Qf2 Rxe2 38. Rxe2 d4 39. cxd4 Nxd4 40. Re3 Qc6+ 41. Kg3 Qb5 42. Re8+ Kg7 43. Bxf7 Ne2+ 0-1

[Event "Late-Titled-Tuesday-Blitz-October-03-2023"]
[Site "Chess.com"]
[Date "2023.10.03"]
[Round "10"]
[White "Firouzja2003"]
[Black "Oleksandr_Bortnyk"]
[Result "0-1"]
[WhiteElo "3134"]
[BlackElo "3043"]
[TimeControl "180+1"]
[EndTime "15:51:04 PDT"]
[Termination "Oleksandr_Bortnyk won on time"]

1. e4 Nf6 2. e5 Nd5 3. d4 d6 4. c4 Nb6 5. exd6 exd6 6. Nf3 Be7 7.
h3 Bf5 8. Bd3 Bxd3 9. Qxd3 O-O 10.
O-O Nc6 11. Nc3 Nb4 12. Qe2 Re8 13. a3 Bf6 14. Be3 Nc6 15. Qd3 d5 16. c5 Nc4 17. Bc1 b6 18. b3 N4a5 19. Rb1 Rb8 20. Na4 Qd7 21. Be3 b5 22. Nb2 b4 23. a4 Re4 24.
Rbd1 Rbe8 25. Qc2 h6 26. Rd2 Qf5 27. Nd1 Qg6 28. Kh1 Ne7 29. Nh2 Nf5 30. Nf3 Nc6 31.
Qd3 Bxd4 32. Bxd4 Ncxd4 33. Nh2 c6 34. g4 Nh4 35. f4 f5 36. Nf2 Rxf4 37. Qg3 Qg5 38. Rd3 Ne2 0-1

[Event "Late-Titled-Tuesday-Blitz-October-03-2023"]
[Site "Chess.com"]
[Date "2023.10.03"]
[Round "10"]
[White "gabduschew"]
[Black "Alexei_Gubajdullin"]
[Result "0-1"]
[WhiteElo "2432"]
[BlackElo "2749"]
[TimeControl "180+1"]
[EndTime "15:51:09 PDT"]
[Termination "Alexei_Gubajdullin won on time"]

1. b3 Nf6 2. Bb2 g6 3. g4 Bg7 4.
Bg2 d5 5. h3 Nc6 6. e3 e5 7.
Ne2 h5 8. g5 Ne4 9. h4 Be6 10. d3 Nd6 11. c4 dxc4 12. dxc4 O-O 13. Nbc3 e4 14. Ng3 Bg4 15. Qb1 Ne5 16. O-O Nf3+ 17.
Bxf3 Bxf3 18. Nd5 Qd7 19. Bxg7 Kxg7 20. Qb2+ f6 21. Nxf6 Rxf6 22. Qxf6+ Kh7 23. Kh2 Qg4 24. Qf4 Qxf4 25. exf4 Rf8 26. f5 gxf5 27. Rfe1 f4 28. Ne2 Bg4 29. Nd4 c5 30. Nb5 Nf5 31. Rxe4 Nxh4 32.
Re7+ Kg6 33. Rxb7 Nf3+ 34. Kg2 Nxg5 35. Rc7 h4 36. Rxc5 h3+ 37. Kh2 Re8 38. Rxg5+ Kxg5 39. Nd4 Re4 0-1

[Event "Late-Titled-Tuesday-Blitz-October-03-2023"]
[Site "Chess.com"]
[Date "2023.10.03"]
[Round "10"]
[White "as9killer2"]
[Black "ozates"]
[Result "1/2-1/2"]
[WhiteElo "2526"]
[BlackElo "2638"]
[TimeControl "180+1"]
[EndTime "15:51:10 PDT"]
[Termination "Game drawn by repetition"]

1. c4 c5 2. Nc3 Nc6 3. g3 g6 4.
Bg2 Bg7 5. a3 a5 6. d3 d6 7. Bd2 e5 8. Nf3 Nge7 9. O-O O-O 10.
Ne1 Be6 11. Nd5 Rb8 12. b4 axb4 13. axb4 cxb4 14. Nxb4 Nxb4 15. Bxb4 b5 16. Ra6 bxc4 17. Bxd6 Rc8 18. Nf3 cxd3 19. exd3 Re8 20. Bxe5 Nc6 21. Bxg7 Kxg7 22. Qa1+ Qf6 23. Qxf6+ Kxf6 24. Rc1 Nb4 25. Rxc8 Rxc8 26. Ra1 Nxd3 27. Nd4 Bc4 28. Bf1 Ne5 29. f4 Nc6 30. Nxc6 Rxc6 31. Rc1 Bd5 32. Rxc6+ Bxc6 33. Kf2 h5 34. Ke3 Ke6 35. Kd4 Kf5 36. Bh3+ Kf6 37.
Bc8 Bf3 38. Kc5 Be4 39. Kd6 Bf5 40. Bb7 Be6 41. Be4 Bf5 42. Bf3 Bc8 43. Bd5 Bh3 44.
Bf3 Be6 45. Be4 Bf5 46. Bg2 g5 47. Bf3 h4 48. fxg5+ Kxg5 49. gxh4+ Kxh4 50. Ke5 Be6 51. Bg2 Bh3 52. Bd5 Be6 53. Bg2 Kg4 54. Kf6 Kh4 55. Ke5 1/2-1/2

[Event "Late-Titled-Tuesday-Blitz-October-03-2023"]
[Site "Chess.com"]
[Date "2023.10.03"]
[Round "10"]
[White "wild3000"]
[Black "Zq1"]
[Result "1/2-1/2"]
[WhiteElo "2433"]
[BlackElo "2519"]
[TimeControl "180+1"]
[EndTime "15:51:10 PDT"]
[Termination "Game drawn by repetition"]

1. a3 d5 2. e3 c5 3. Nf3 g6 4. c4 d4 5. b4 Bg7 6. Bb2 b6 7. d3 Nh6 8. exd4 Nf5 9. Nbd2 Nxd4 10.
Nxd4 Bxd4 11. Bxd4 Qxd4 12. Be2 Bb7 13. O-O O-O 14.
bxc5 Qxc5 15. Nb3 Qg5 16. Bf3 Bxf3 17. Qxf3 Nd7 18. d4 Rac8 19. Rac1 Rc7 20. Rc2 Rfc8 21. Rfc1 Qf6 22. Qxf6 Nxf6 23. c5 Nd5 24. g3 e6 25.
Kf1 Kf8 26. Ke2 Ke7 27. Kd3 h5 28. h4 bxc5 29. Rxc5 Rxc5 30. dxc5 Kd7 31. Kc4 Kc7 32. Nd4 a6 33. Rb1 Rd8 34. a4 e5 35. Nf3 f6 36.
Nd2 f5 37. Nf3 e4 38. Nd4 Rd7 39. a5 e3 40. c6 exf2 41. cxd7 f1=Q+ 42. Rxf1 Ne3+ 43.
Kc5 Nxf1 44. Ne6+ Kxd7 45. Nf8+ Kc7 46. Nxg6 Nxg3 47. Nf4 Ne4+ 48. Kd5 Ng3 49. Kc5 Ne4+ 50. Kd5 Ng3 51. Kc5 1/2-1/2

[Event "Late-Titled-Tuesday-Blitz-October-03-2023"]
[Site "Chess.com"]
[Date "2023.10.03"]
[Round "10"]
[White "Krakozia"]
[Black "Iball95"]
[Result "1-0"]
[WhiteElo "2983"]
[BlackElo "2771"]
[TimeControl "180+1"]
[EndTime "15:51:11 PDT"]
[Termination "Krakozia won by checkmate"]

1. e4 c5 2. Nf3 e6 3. d4 cxd4 4.
Nxd4 Nf6 5. Nc3 Nc6 6. a3 d5 7.
Bb5 Bd7 8. exd5 exd5 9. O-O Be7 10.
Be3 O-O 11. Be2 Re8 12. Bf3 Be6 13. Re1 Qd7 14. Bg5 h6 15. Bh4 Rac8 16. Nxe6 fxe6 17. Qd3 Nh7 18. Bg3 Bf6 19. Bg4 Rcd8 20. Rad1 Nf8 21. Bh5 Re7 22. b4 a6 23. h3 Nd4 24. Ne2 Nxe2+ 25. Bxe2 Rc8 26. c4 dxc4 27. Qe4 Qc6 28.
Qg4 c3 29. Bd3 Rd7 30. Be4 Rxd1 31. Qxd1 Qb5 32. Bc2 a5 33. bxa5 Qxa5 34. a4 Rd8 35. Qb1 Rd2 36. Bf4 Rd7 37. Be3 Qc7 38. Rd1 Rxd1+ 39.
Qxd1 Qc6 40. Qd3 Qd5 41. Qe2 Nd7 42. Qg4 Ne5 43. Qh5 Nc4 44. Qe8# 1-0

[Event "Late-Titled-Tuesday-Blitz-October-03-2023"]
[Site "Chess.com"]
[Date "2023.10.03"]
[Round "10"]
[White "Herman-NY"]
[Black "Ali_rastbod"]
[Result "0-1"]
[WhiteElo "2534"]
[BlackElo "2720"]
[TimeControl "180+1"]
[EndTime "15:51:12 PDT"]
[Termination "Ali_rastbod won by checkmate"]

1. e4 c6 2. d4 d5 3. e5 c5 4. dxc5 e6 5. Nd2 Bxc5 6. Nb3 Bb6 7. Qg4 Kf8 8. Bd3 Nc6 9. Qe2 a5 10. a4 Nb4 11. Nf3 Nxd3+ 12. Qxd3 h6 13. h4 Ne7 14. h5 Nc6 15. c3 Bd7 16. Be3 Rc8 17. Rh3 Ne7 18. Nbd4 Kg8 19. Rg3 Qe8 20. b3 Bc5 21. Kd2 b6 22. Rh1 Bxa4 23. bxa4 Qxa4 24.
Rh4 Qa2+ 25. Ke1 Rh7 26. Rhg4 Kh8 27. Bd2 a4 28. Nh4 a3 29. Rf4 Bxd4 30. cxd4 Qa1+ 31. Ke2 a2 32. Qa3 Nf5 33. Nxf5 exf5 34. Rb3 Qb1 35.
Bc3 Qc2+ 36. Kf3 g5 37. hxg6 fxg6 38. Kg3 g5 39. Rxf5 Qxf5 40. Qxa2 Qf4+ 41. Kh3 Qh4# 0-1